 Dungeon Crawl Stone Soup version 0.16-a0-3943-gb4b81e6 (console) character file.

2040 Fusha the Slicer (level 9, -1/59 HPs)
             Began as a Halfling Fighter on Feb 8, 2015.
             Was a Believer of Okawaru.
             Killed from afar by an electric eel (12 damage)
             ... with a bolt of electricity
             ... on level 6 of the Dungeon.
             The game lasted 00:29:51 (6448 turns).

Fusha the Slicer (Halfling Fighter)                 Turns: 6448, Time: 00:29:51

Health: -1/59      AC: 14    Str: 18    XL:     9   Next: 48%
Magic:  11/11      EV: 13    Int:  7    God:    Okawaru [**....]
Gold:   211        SH: 11    Dex: 15    Spells: 0 memorised, 8 levels left

rFire  . . .     SeeInvis .     a - +7 rapier
rCold  . . .     Clarity  .     b - +0 scale mail
rNeg   . . .     SustAb   .     p - +0 shield
rPois  .         Gourm    .     v - +0 helmet
rElec  .         Spirit   .     A - +0 cloak
rCorr  .         Warding  .     K - +0 pair of gloves
rMut   .         Stasis   .     r - +2 pair of boots
MR     .....                    (no amulet)
Stlth  ..........               (no ring)
                                (no ring)

@: not resistant to hostile enchantments, extremely unstealthy
A: mutation resistance 1
a: Heroism, Renounce Religion


You were on level 6 of the Dungeon.
You worshipped Okawaru.
Okawaru was pleased with you.
You were not hungry.

You visited 2 branches of the dungeon, and saw 7 of its levels.
You also visited: Ossuary.

You collected 211 gold pieces.

Inventory:

Hand weapons
 a - a +7 rapier (weapon)
 m - a +2 scimitar of electrocution
 C - a +0 short sword of holy wrath
Missiles
 u - 44 stones (quivered)
 x - 7 curare-tipped needles
Armour
 b - a +0 scale mail (worn)
 c - a cursed +0 buckler
 p - a +0 shield (worn)
 r - a +2 pair of boots (worn)
 v - a +0 helmet (worn)
 A - a +0 cloak (worn)
 F - the +0 leather armour of the Volcano {MR+ Regen+}
   (You found it on level 5 of the Dungeon)

   It affects your resistance to hostile enchantments.
   It increases your rate of regeneration.
 K - a +0 pair of gloves (worn)
Jewellery
 h - a cursed ring of fire
Magical devices
 e - a wand of frost (16)
 o - a wand of slowing (5)
 E - a wand of magic darts (26)
 P - a wand of polymorph (10)
Scrolls
 i - 3 scrolls of acquirement {unknown}
 j - 3 scrolls of remove curse
 l - 2 scrolls of teleportation {unknown}
 q - a scroll of magic mapping {unknown}
 s - 2 scrolls of fog
 y - a scroll of recharging
 H - 2 scrolls of blinking
 M - a scroll of fear
Potions
 f - 4 potions of invisibility {unknown}
 g - a potion of ambrosia
 k - a potion of haste {unknown}
 n - 4 potions of mutation
 t - 3 potions of magic
 w - 2 potions of restore abilities
 z - 2 potions of curing
 D - a potion of poison {unknown}
 G - a potion of might
 I - a potion of flight {unknown}
 J - a potion of cancellation {unknown}
 O - a potion of brilliance {unknown}
Books
 L - a book of Callings

   Spells                             Type                      Level
   a - Summon Small Mammal            Summoning                    1
   b - Call Imp                       Summoning                    2
   c - Call Canine Familiar           Summoning                    3
   d - Summon Guardian Golem          Hexes/Summoning              4
   e - Summon Lightning Spire         Summoning/Air                4
   f - Summon Ice Beast               Ice/Summoning                4
Comestibles
 d - 3 bread rations
 B - 3 meat rations
 N - a beef jerky


   Skills:
 + Level 4.4 Fighting
 + Level 8.0 Short Blades
 + Level 1.5 Throwing
 + Level 6.5 Armour
 + Level 5.3 Dodging
 + Level 1.0 Stealth
 + Level 7.1 Shields
 + Level 1.3 Evocations


You had 8 spell levels left.
You didn't know any spells.

Dungeon Overview and Level Annotations

Branches:
Dungeon (6/15)             Temple (1/1) D:4

Altars:
Cheibriados
Okawaru
Ru
Sif Muna
Yredelemnul
The Shining One


Innate Abilities, Weirdness & Mutations

You are small and have problems with some larger weapons.
You are somewhat resistant to further mutation.


Message History

The electric eel shoots out a bolt of lightning at you!
The bolt of electricity hits the plant.
The bolt of electricity hits you! The bolt of electricity hits you!
You enter the shallow water.
Moving in this stuff is going to be slow.
The electric eel shoots out a bolt of lightning at you!
The bolt of electricity hits you!
You completely miss the electric eel.
The electric eel shoots out a bolt of lightning at you!
The bolt of electricity hits you!
* * * LOW HITPOINT WARNING * * *
You miss the electric eel. You hit the electric eel.
The electric eel is moderately wounded.
The electric eel shoots out a bolt of lightning at you!
The bolt of electricity hits you!
* * * LOW HITPOINT WARNING * * *
The electric eel shoots out a bolt of lightning at you!
The bolt of electricity hits you!
You die...

≈P≈♣....#
P≈≈≈....# ##
≈≈≈♣...... .#
≈≈♣.....### ..
≈≈P.....# ##♣# .##
≈≈P.....###≈≈≈#..#
≈≈≈≈....♣≈♣♣≈≈♣#.#
≈≈≈♣♣.. ♣≈≈≈≈P≈♣.#
≈P≈♣ ♣P≈≈≈≈≈♣@#
≈≈≈♣♣ ♣♣♣≈≈≈≈≈≈♣.#
≈≈≈P♣♣♣P≈≈≈P≈PP;.#
P≈≈P≈≈≈≈≈≈≈≈≈≈≈♣.#
≈≈≈≈≈≈≈≈≈≈≈≈≈≈≈..#
.................#
≈≈≈≈≈≈≈≈≈P≈≈≈≈♣..#
PP≈≈≈≈≈≈≈≈P≈PP≈###
≈≈≈≈≈≈≈≈≈≈≈≈P♣##


You could see an electric eel.

Vanquished Creatures
  Menkaure (D:4)
  An orc warrior (D:6)
  A phantom (D:5)
  2 ogres
  An ice beast (D:6)
  Sigmund (D:4)
  Duvessa (D:4)
  A centaur (D:3)
  2 elf zombies (Ossuary)
  A giant frog (D:6)
  5 wights (D:4)
  2 electric eels (D:6)
  Dowan (D:4)
  A giant frog zombie (D:5)
  A crimson imp (D:4)
  Crazy Yiuf (D:3)
  A gnoll shaman (D:6)
  A centaur skeleton (D:4)
  A jelly (D:5)
  2 hounds
  2 orc wizards
  Natasha (thrice) (D:4)
  2 orc priests
  2 worker ants
  A big kobold zombie (Ossuary)
  Ijyb (D:5)
  Terence (D:2)
  2 mummies (Ossuary)
  8 gnolls
  7 adders
  A shadow imp (D:5)
  2 giant mites
  2 worms
  2 giant geckos
  2 oozes
  8 orcs
  2 ball pythons (D:2)
  16 bats
  A bat skeleton (D:4)
  4 giant cockroaches
  15 hobgoblins
  5 jackals
  8 kobolds
  3 quokkas
  A giant gecko zombie (D:5)
  4 giant newts
  11 goblins
  11 hobgoblin zombies (Ossuary)
  A jackal skeleton (D:4)
  A jackal zombie (Ossuary)
  14 kobold zombies (Ossuary)
  4 orc zombies (Ossuary)
  14 rats
  2 rat zombies (Ossuary)
191 creatures vanquished.

Notes
Turn   | Place    | Note
--------------------------------------------------------------
     0 | D:1      | Fusha, the Halfling Fighter, began the quest for the Orb.
     0 | D:1      | Reached XP level 1. HP: 15/15 MP: 1/1
   113 | D:1      | Reached XP level 2. HP: 20/20 MP: 2/2
   269 | D:1      | Reached XP level 3. HP: 23/26 MP: 3/3
   648 | D:2      | Found a deep blue altar of Sif Muna.
   742 | D:2      | Noticed Terence
   780 | D:2      | Killed Terence
   780 | D:2      | Reached skill level 1 in Dodging
   924 | D:2      | Reached XP level 4. HP: 31/31 MP: 4/4
  1048 | D:2      | Found a sacrificial altar of Ru.
  1415 | D:3      | Noticed a centaur
  1436 | D:3      | Killed a centaur
  1436 | D:3      | Reached skill level 4 in Short Blades
  1436 | D:3      | Reached XP level 5. HP: 22/36 MP: 5/5
  2254 | D:3      | Reached XP level 6. HP: 42/42 MP: 6/6
  2315 | D:3      | Noticed Crazy Yiuf
  2328 | D:3      | Paralysed by Crazy Yiuf for 2 turns
  2337 | D:3      | Paralysed by Crazy Yiuf for 2 turns
  2349 | D:3      | Killed Crazy Yiuf
  3089 | D:4      | Noticed Dowan
  3090 | D:4      | Noticed Duvessa
  3103 | D:4      | Killed Duvessa
  3107 | D:4      | Killed Dowan
  3107 | D:4      | Reached XP level 7. HP: 28/46 MP: 7/7
  3141 | D:4      | Reached skill level 5 in Short Blades
  3483 | D:4      | Reached skill level 5 in Armour
  3495 | D:4      | Reached skill level 5 in Shields
  3548 | D:4      | Reached skill level 1 in Throwing
  3565 | D:4      | Noticed Sigmund
  3574 | D:4      | Killed Sigmund
  3622 | D:4      | Found a sand-covered staircase.
  3624 | D:4      | Noticed Natasha
  3632 | Ossuary  | Entered an ossuary
  3963 | Ossuary  | Reached XP level 8. HP: 40/54 MP: 8/8
  4352 | D:4      | Killed Natasha
  4474 | D:4      | Found a staircase to the Ecumenical Temple.
  4511 | Temple   | Entered the Ecumenical Temple
  4554 | Temple   | Became a worshipper of Warmaster Okawaru
  4581 | Temple   | Reached skill level 6 in Short Blades
  4763 | D:4      | Noticed Menkaure
  4777 | D:4      | Killed Menkaure
  4899 | D:4      | Noticed Natasha
  4903 | D:4      | Killed Natasha
  5174 | D:4      | Noticed Natasha
  5181 | D:4      | Killed Natasha
  5215 | D:5      | Entered Level 5 of the Dungeon
  5230 | D:5      | Got an ancient leather armour
  5256 | D:5      | Identified the +0 leather armour of the Volcano {MR+ Regen+} (You found it on level 5 of the Dungeon)
  5361 | D:5      | Acquired Okawaru's first power
  5458 | D:5      | Reached XP level 9. HP: 49/58 MP: 8/10
  5508 | D:5      | Noticed Ijyb
  5523 | D:5      | Reached skill level 1 in Stealth
  5523 | D:5      | Reached skill level 1 in Evocations
  5531 | D:5      | Killed Ijyb
  5678 | D:5      | Reached skill level 7 in Short Blades
  5971 | D:6      | Reached skill level 5 in Dodging
  6307 | D:6      | Reached skill level 8 in Short Blades
  6448 | D:6      | Killed from afar by an electric eel

Action                   |  1- 3 |  4- 6 |  7- 9 || total
-------------------------+-------+-------+-------++-------
Melee: Rapier            |   126 |   249 |   333 ||   708
       Short sword       |       |       |   154 ||   154
Throw: Stone             |       |     3 |     6 ||     9
Evoke: Wand              |     3 |     1 |     6 ||    10
  Use: Potion            |       |     3 |     2 ||     5
       Scroll            |       |     1 |    19 ||    20
  Eat: Meat ration       |       |     1 |     1 ||     2
       Beef jerky        |       |     2 |     1 ||     3
       Royal jelly       |       |       |     2 ||     2
